 Dungeon Sprint DCSS version 0.16-a0-3943-gb4b81e6 (webtiles) character file.

801 BluebellGnoll the Unseen (level 7, -3/32 HPs)
             Began as a Spriggan Enchanter on Feb 8, 2015.
             Slain by a boulder beetle (35 damage)
             ... in the Dungeon (Sprint II: "The Violet Keep of Menkaure").
             The game lasted 00:02:32 (224 turns).

BluebellGnoll the Unseen (Spriggan Enchanter)        Turns: 224, Time: 00:02:32

Health: -3/32      AC:  3    Str:  4    XL:     7   Next: 59%
Magic:  9/27       EV: 18    Int: 18    God:
Gold:   729        SH:  0    Dex: 17    Spells: 6 memorised, 10 levels left

rFire  . . .     SeeInvis +     a - +1 dagger
rCold  . . .     Clarity  .     b - +1 robe
rNeg   . . .     SustAb   .     (shield restricted)
rPois  .         Gourm    .     (helmet restricted)
rElec  .         Spirit   .     (no cloak)
rCorr  .         Warding  .     (gloves unavailable)
rMut   .         NoTele   +     (boots unavailable)
MR     +....                    (no amulet)
Stlth  +++++++++.               (no ring)
                                (no ring)

@: very quick, somewhat resistant to hostile enchantments, incredibly stealthy
A: unfitting armour, see invisible, herbivore 3, speed 3, slow metabolism 2
a: no special abilities


You were in the Dungeon.
You were not hungry.

You visited 1 branch You collected 729 gold pieces.

Inventory:

Hand weapons
 a - a +1 dagger (weapon)
Armour
 b - a +1 robe (worn)
Scrolls
 j - a scroll of blinking
Potions
 f - a potion of heal wounds
 g - a potion of haste
 h - 2 potions of magic
Books
 c - a book of Maledictions

   Spells                             Type                      Level
   a - Corona                         Hexes                        1
   b - Sure Blade                     Hexes/Charms                 2
   c - Ensorcelled Hibernation        Hexes/Ice                    2
   d - Confuse                        Hexes                        3
   e - Dazzling Spray                 Conjuration/Hexes            3
   f - Enslavement                    Hexes                        4
Comestibles
 d - a bread ration


   Skills:
 - Level 1.1 Short Blades
 - Level 3.0 Dodging
 - Level 19.4 Stealth
 + Level 9.7 Spellcasting
 - Level 7.9 Hexes


You had 10 spell levels left.
You knew the following spells:

 Your Spells              Type           Power        Failure   Level  Hunger
a - Corona                Hex            #####..      1%          1    None
b - Ensorcelled Hibernat  Hex/Ice        ###...       2%          2    None
c - Confuse               Hex            #####...     1%          3    None
d - Sure Blade            Hex/Chrm       ###.......   2%          2    None
e - Dazzling Spray        Conj/Hex       ###.....     6%          3    None
f - Enslavement           Hex            #####...     3%          4    ###....


Dungeon Overview and Level Annotations

Branches:
Dungeon (1/1)

Altars:


Innate Abilities, Weirdness & Mutations

You are tiny and cannot use many weapons and most armour.
You have supernaturally acute eyesight.
You are a herbivore.
You cover ground extremely quickly.
You need consume almost no food.


Message History

The boulder beetle resists with some effort.
Casting: Confuse
Confirm with . or Enter, or press ? or * to list all spells.
Aiming: Confuse
Press: ? - help, Shift-Dir - straight line, f/p - boulder beetle
Aim: a boulder beetle (chance 48%)
The boulder beetle resists with some effort.
The boulder beetle curls into a ball and starts rolling!
You see here a brain worm corpse.
You hit the boulder beetle but do no damage.
The boulder beetle hits a rock wall.
The boulder beetle stops rolling.
Casting: Confuse
Confirm with . or Enter, or press ? or * to list all spells.
Aiming: Confuse
Press: ? - help, Shift-Dir - straight line, f/p - boulder beetle
Aim: a boulder beetle (sparse dust, chance 48%)
The boulder beetle resists with some effort.
The boulder beetle bites you!!
Ouch! That really hurt!
You die...

##+## ##.#.##
#..#†.#
####.#$###
##†# #'###†##
#..###.###†.#
+##†+.<§§##.+
#..###.##B#.#
##. ##+###@##
## #.#.####
#†###†# ##
#.## +#


You could see a boulder beetle.

Vanquished Creatures
  A boulder beetle (D)
  2 hippogriffs (D)
  4 brain worms (D)
  4 worker ants (D)
11 creatures vanquished.

Notes
Turn   | Place    | Note
--------------------------------------------------------------
     0 | D        | BluebellGnoll, the Spriggan Enchanter, began the quest for the Orb.
     0 | D        | Reached XP level 1. HP: 9/9 MP: 4/4
     1 | D        | Noticed a boulder beetle
     1 | D        | Noticed a boulder beetle
     4 | D        | Noticed a worker ant
     4 | D        | Noticed a worker ant
     9 | D        | Killed a worker ant
     9 | D        | Reached skill level 9 in Stealth
     9 | D        | Reached XP level 2. HP: 13/13 MP: 7/7
    16 | D        | Killed a worker ant
    16 | D        | Reached skill level 11 in Stealth
    16 | D        | Reached XP level 3. HP: 16/16 MP: 9/9
    17 | D        | Noticed a worker ant
    17 | D        | Noticed a worker ant
    22 | D        | Killed a worker ant
    22 | D        | Reached skill level 12 in Stealth
    22 | D        | Reached XP level 4. HP: 21/21 MP: 12/12
    40 | D        | Killed a worker ant
    40 | D        | Reached skill level 13 in Stealth
    49 | D        | Learned a level 2 spell: Ensorcelled Hibernation
    53 | D        | Learned a level 3 spell: Confuse
    56 | D        | Learned a level 2 spell: Sure Blade
    57 | D        | Noticed a hippogriff
    57 | D        | Noticed a hippogriff
    60 | D        | Killed a hippogriff
    60 | D        | Reached skill level 17 in Stealth
    60 | D        | Reached XP level 5. HP: 14/24 MP: 14/14
    64 | D        | Killed a hippogriff
    64 | D        | Reached skill level 19 in Stealth
    64 | D        | Reached XP level 6. HP: 17/28 MP: 17/17
    71 | D        | Noticed a brain worm
    74 | D        | Killed a brain worm
    74 | D        | Reached skill level 5 in Hexes
    79 | D        | Learned a level 3 spell: Dazzling Spray
    79 | D        | Noticed a brain worm
    80 | D        | Killed a brain worm
    80 | D        | Reached skill level 5 in Spellcasting
    87 | D        | Learned a level 4 spell: Enslavement
    88 | D        | Noticed a brain worm
    88 | D        | Noticed a brain worm
    90 | D        | Killed a brain worm
    90 | D        | Reached XP level 7. HP: 21/32 MP: 20/24
    92 | D        | Killed a brain worm
   206 | D        | Killed a boulder beetle
   224 | D        | Slain by a boulder beetle

Action                   |  1- 3 |  4- 6 |  7- 9 || total
-------------------------+-------+-------+-------++-------
Melee: Dagger            |    14 |    20 |     3 ||    37
 Cast: Corona            |       |     2 |       ||     2
       Confuse           |       |       |     6 ||     6
  Use: Potion            |     1 |     1 |       ||     2
 Stab: Sleeping          |       |     5 |     2 ||     7
